 Dungeon Crawl Stone Soup version 0.29.1-4-g47bece8355 (webtiles) character file.

Game seed: 18003086070642581788

9022 venomsnake the Cleaver (level 11, -7/99 HPs)
             Began as a Minotaur Berserker on Dec 10, 2022.
             Was a High Priest of Trog.
             Succumbed to a green ugly thing's poison
             ... on level 10 of the Dungeon.
             The game lasted 00:41:52 (12897 turns).

venomsnake the Cleaver (Minotaur Berserker)        Turns: 12897, Time: 00:41:53

Health: -7/99      AC: 14    Str: 26    XL:     11   Next: 17%
Magic:  10/10      EV: 10    Int:  4    God:    Trog [*****.]
Gold:   467        SH:  0    Dex: 10    Spells: 10/10 levels left

rFire   . . .      SeeInvis .   D - +0 broad axe
rCold   + . .      Faith    .   (no shield)
rNeg    . . .      Spirit   .   A - +0 plate armour
rPois   .          Reflect  .   (helmet restricted)
rElec   .          Harm     .   (no cloak)
rCorr   .          Rampage  .   f - +0 pair of gloves
Will    .....                   (no boots)
Stlth   ..........              (no amulet)
HPRegen 0.26/turn               j - ring of protection from cold
MPRegen 0.12/turn               h - +4 ring of protection

@: lethally poisoned (-7 -> -88), slowed, very slow
A: horns 2, retaliatory headbutt, deformed body, MP-powered wands
a: Renounce Religion, Berserk, Trog's Hand, Brothers in Arms


You were on level 10 of the Dungeon.
You worshipped Trog.
Trog was extremely pleased with you.
You visited 2 branches of the dungeon, and saw 11 of its levels.

You collected 507 gold pieces.
You spent 40 gold pieces at shops.

Inventory:

Hand Weapons
 l - a +2 hand axe of freezing
 D - a +0 broad axe (weapon)
 F - the +7 hand axe "Emif" {freeze, Str+4 Int+3 Dex-3}
   (You found it on level 8 of the Dungeon)

   It freezes those it strikes, dealing additional cold damage.
   It can also slow down cold-blooded creatures.
   Str:       It affects your strength (+4).
   Int:       It affects your intelligence (+3).
   Dex:       It affects your dexterity (-3).
Missiles
 o - 85 stones (quivered)
 s - 5 throwing nets
Armour
 f - a +0 pair of gloves (worn)
 A - a +0 plate armour (worn)
Jewellery
 e - a ring of protection from cold
 h - a +4 ring of protection (right hand)
 j - a ring of protection from cold (left hand)
Wands
 b - a wand of mindburst (34)
 n - a wand of roots (10)
 w - a wand of flame (11)
 G - a wand of digging (1)
Scrolls
 c - 3 scrolls of teleportation
 g - a scroll of fear
 i - 4 scrolls of magic mapping
 p - a scroll of fog {unknown}
 u - a scroll of brand weapon {unknown}
 x - a scroll of enchant weapon
 y - a scroll of acquirement {unknown}
 B - a scroll of immolation {unknown}
 C - a scroll of vulnerability {unknown}
 E - a scroll of blinking
 H - a scroll of enchant armour {unknown}
Potions
 a - a potion of ambrosia {unknown}
 d - a potion of lignification
 k - 2 potions of heal wounds {unknown}
 m - 3 potions of invisibility
 q - 3 potions of berserk rage
 r - 3 potions of attraction
 t - 7 potions of curing
 v - a potion of flight {unknown}
 z - a potion of haste
 I - 2 potions of magic {unknown}
 J - a potion of degeneration {unknown}


   Skills:
 + Level 10.1 Fighting
 + Level 10.1 Axes
 + Level 9.7 Armour
 + Level 8.9 Dodging
 + Level 7.1 Evocations


You had 10 spell levels left.
You didn't know any spells.
Your spell library was empty.

Dungeon Overview and Level Annotations

Branches:
Dungeon (10/15)            Temple (1/1) D:7
   Lair: D:8-11         Orc: D:9-12

Altars:
Ashenzari
Cheibriados
Dithmenos
Elyvilon
Fedhas
Gozag
Hepliaklqana
Kikubaaqudgha
Makhleb
Nemelex Xobeh
Okawaru
Qazlal
Ru
Sif Muna
Trog
Uskayaw
Vehumet
Wu Jian
Xom
Yredelemnul
Zin
The Shining One

Shops:
D:2 ?   D:5 *

Portals:
Abyss: D:4

Annotations:
D:4 2 transporters, sigtrap's ghost, amateur SpBr
D:8 4 runed translucent doors


Innate Abilities, Weirdness & Mutations

You have a pair of horns on your head.
You reflexively headbutt those who attack you in melee.
Armour fits poorly on your strangely shaped body.
You expend magic power (3 MP) to strengthen your wands.


Message History

You feel as though you will be slow longer.
The green ugly thing stings you but does no damage.
You are too injured to fight recklessly!
You hit the green ugly thing but do no damage.
You headbutt the green ugly thing, but do no damage.
The green ugly thing is moderately wounded.
You slash the wraith!
You destroy the wraith!
Trog accepts your kill.
The green ugly thing closely misses you.
You furiously retaliate!
You headbutt the green ugly thing.
The green ugly thing stings you but does no damage.
You hit the green ugly thing. You headbutt the green ugly thing!
The green ugly thing is heavily wounded.
The green ugly thing stings you but does no damage. x2
You closely miss the green ugly thing.
The green ugly thing is heavily wounded.
The green ugly thing stings you.
You are poisoned.
The green ugly thing poisons you!
You slash the green ugly thing!
The green ugly thing is severely wounded.
You feel extremely sick.
The green ugly thing stings you but does no damage.
The green ugly thing stings you!
You are lethally poisoned!
The green ugly thing poisons you!
You barely miss the green ugly thing.
The green ugly thing is severely wounded.
* * * LOW HITPOINT WARNING * * *
You feel extremely sick. The green ugly thing stings you.
* * * LOW HITPOINT WARNING * * *
You are more poisoned.
The green ugly thing poisons you!
The green ugly thing stings you but does no damage.
You closely miss the green ugly thing.
You headbutt the green ugly thing, but do no damage.
The green ugly thing is severely wounded.
You die...

...# #....<.......)##'###......
...#####.............#....#......
.....................#....#>..###
.########'##.........#....#...#
.#.........#.........######...#
.#.........#..................#
.##........#..................#
..#........#.....##########...#
..#....#####....@# #...#
..###'##.......)u# c.. #...###
.................# .. #......
.................# .u# #......
.................# ..# #......
.................#...# #......
.######+########.#...# #...... .#
#.'...# #...... .#
#.##########..####


You could see a green ugly thing.

Vanquished Creatures
  2 centaur warriors
  Pikel (D:5)
  2 trolls
  2 hornets (D:8)
  Grinder (D:4)
  A slime creature (D:8)
  2 wraiths
  3 wyverns
  A shadow (D:10)
  9 yaks (D:10)
  Eustachio (D:4)
  A steam dragon (D:8)
  A water moccasin (D:8)
  Duvessa (D:4)
  A black bear (D:8)
  4 orc warriors
  3 sky beasts
  3 centaurs
  3 ogres (D:5)
  A phantom (D:6)
  6 kobold brigands
  2 bullfrogs (D:8)
  A necrophage (D:7)
  5 scorpions
  5 wights (D:9)
  Dowan (D:3)
  4 orc priests
  2 jellies (D:6)
  2 gnoll boudas
  5 iguanas
  Ijyb (D:5)
  9 orc wizards
  6 adders
  18 gnolls
  3 shadow imps
  A white imp (D:7)
  3 dart slugs
  34 orcs
  3 endoplasms
  6 giant cockroaches
  10 goblins
  6 hobgoblins
  10 jackals
  21 kobolds
  A quokka (D:2)
  6 ball pythons
  6 bats
  4 frilled lizards
  4 rats
228 creatures vanquished.

Notes
Turn   | Place    | Note
-------+----------+-------------------------------------------
     0 | D:1      | venomsnake the Minotaur Berserker began the quest for the
                  | Orb.
     0 | D:1      | Reached XP level 1. HP: 19/19 MP: 0/0
   406 | D:1      | Reached XP level 2. HP: 25/27 MP: 1/1
   724 | D:1      | Found a faded altar of an unknown god.
  1188 | D:2      | Reached skill level 1 in Evocations
  1188 | D:2      | Reached XP level 3. HP: 33/33 MP: 2/2
  1229 | D:2      | Reached ** piety under Trog
  1288 | D:2      | Identified the +7 dagger of Quantum Leap {vorpal, rF+ MP+9}
  1429 | D:2      | Gained mutation: Armour fits poorly on your strangely
                  | shaped body. [potion of mutation]
  1429 | D:2      | Gained mutation: You expend magic power (3 MP) to
                  | strengthen your wands. [potion of mutation]
  1435 | D:2      | Found Gecvocs's Magic Scroll Shoppe.
  1481 | D:2      | Reached XP level 4. HP: 23/40 MP: 3/3
  1613 | D:2      | Bought a scroll of identify for 20 gold pieces
  1613 | D:2      | Bought a scroll of identify for 20 gold pieces
  3146 | D:3      | Found a hazy altar of Hepliaklqana.
  3420 | D:3      | Found an ornate altar of the Wu Jian Council.
  3428 | D:3      | Reached XP level 5. HP: 39/47 MP: 4/4
  4318 | D:4      | Found a transporter.
  4333 | D:4      | Noticed sigtrap's ghost (amateur SpBr)
  4334 | D:4      | Found a one-way gate to the infinite horrors of the Abyss.
  4343 | D:4      | Found a transporter.
  4377 | D:4      | Noticed Duvessa
  4425 | D:4      | Noticed Dowan
  4429 | D:4      | Killed Duvessa
  4430 | D:4      | Reached skill level 5 in Fighting
  4430 | D:4      | Reached XP level 6. HP: 51/56 MP: 5/5
  4480 | D:3      | Killed Dowan
  4481 | D:3      | Reached skill level 5 in Axes
  4725 | D:4      | Noticed Grinder
  4778 | D:4      | Paralysed by Grinder for 4 turns
  4786 | D:4      | Killed Grinder
  4787 | D:4      | Reached XP level 7. HP: 48/61 MP: 6/6
  4867 | D:4      | Noticed Eustachio
  4883 | D:4      | Killed Eustachio
  5139 | D:4      | Reached skill level 5 in Armour
  5219 | D:4      | Reached *** piety under Trog
  5433 | D:5      | Entered Level 5 of the Dungeon
  5917 | D:5      | Found Poemp's General Store.
  5939 | D:5      | Reached skill level 5 in Dodging
  5939 | D:5      | Reached XP level 8. HP: 15/70 MP: 7/7
  6264 | D:5      | Identified the +7 short sword of Yckoadip {spect, Will++
                  | Int+2}
  6479 | D:5      | Noticed Ijyb
  6486 | D:5      | Killed Ijyb
  6564 | D:5      | Found a radiant altar of Vehumet.
  6577 | D:5      | Noticed Pikel
  6591 | D:5      | Killed Pikel
  6753 | D:5      | Found a hide-covered altar of Uskayaw.
  7157 | D:6      | Reached XP level 9. HP: 70/79 MP: 8/8
  7419 | D:6      | Found a glowing golden altar of the Shining One.
  7629 | D:7      | You fall into a shaft and drop 2 floors!
  7695 | D:9      | Reached skill level 5 in Evocations
  7780 | D:9      | Found a shadowy altar of Dithmenos.
  7957 | D:9      | Reached **** piety under Trog
  8208 | D:9      | Noticed a troll
  8213 | D:9      | Killed a troll
  8384 | D:8      | Found a large runed translucent door.
  8426 | D:8      | Found a large runed translucent door.
  8428 | D:8      | Noticed a troll
  8428 | D:8      | Noticed a two-headed ogre
  8438 | D:8      | Found a large runed translucent door.
  8438 | D:8      | Found a large runed translucent door.
  8534 | D:8      | Found a glowing silver altar of Zin.
  8712 | D:8      | Identified the +7 hand axe "Emif" {freeze, Str+4 Int+3
                  | Dex-3}
  8795 | D:8      | Paralysed by a hornet for 3 turns
  8800 | D:8      | Reached XP level 10. HP: 39/90 MP: 9/9
  8801 | D:8      | HP: 3/90 [slime creature (14)]
  8803 | D:8      | HP: 1/90 [poisoned by a hornet]
  9698 | D:8      | Noticed a centaur warrior
  9704 | D:8      | Killed a centaur warrior
 10177 | D:8      | Found an opulent altar of Gozag.
 10246 | D:8      | Found a blossoming altar of Fedhas.
 10295 | D:8      | Found a sparkling altar of Nemelex Xobeh.
 10590 | D:7      | Reached ***** piety under Trog
 10945 | D:7      | Found a staircase to the Ecumenical Temple.
 10955 | Temple   | Entered the Ecumenical Temple
 11787 | D:10     | Entered Level 10 of the Dungeon
 12275 | D:10     | Reached XP level 11. HP: 81/99 MP: 10/10
 12672 | D:10     | Reached skill level 10 in Axes
 12876 | D:10     | Noticed a centaur warrior
 12876 | D:10     | Noticed a green ugly thing
 12876 | D:10     | Noticed a centaur warrior
 12888 | D:10     | Killed a centaur warrior
 12889 | D:10     | Reached skill level 10 in Fighting
 12897 | D:10     | Succumbed to a green ugly thing's poison

Illustrated notes

Levels and vault maps discovered:
D:1:      dpeg_arrival_castle, layout_basic, chequers_ecumenical_altar_lobes,
          nicolae_concentric_dashed_squares_wild
D:2:      layout_loops_ring, serial_shops, nicolae_shop_crystal, minivault_19
D:3:      layout_rooms, nicolae_wu_jian_glorious_leap,
          mainiacjoe_overflow_surrounded_room, patterned_corridor
D:4:      layout_gridville, gammafunk_ghost_abyssal_escape, uniq_duvessa,
          uniq_eustachio, uniq_grinder
D:5:      layout_loops_ring, lemuel_crystal_altar, pf_just_have_faith,
          serial_shops, shop, uniq_ijyb, uniq_pikel
D:6:      layout_rooms, tso_altar, nrook_loot_triangle
D:7:      layout_gridville, minmay_temple_entry_poolview,
          minmay_misc_feat_pillars
D:8:      layout_basic, pdpol_temple_overflow_zin_treasury_gozag_greed,
          kennysheep_mini_moat, fedhas_altar_4, kennysheep_nub,
          minmay_hollow_rounded_squares
D:9:      layout_gridville, nicolae_dithmenos_through_a_glass_darkly,
          abandoned_shop
D:10:     minmay_shrinking_squares, layout_irregular_city
Temple:   minmay_temple_bridge_abc

Skill      XL: |  1  2  3  4  5  6  7  8  9 10 11 |
---------------+----------------------------------+-----
Fighting       | 4 5 6 7 8 9 10 | 10.1
Axes           | 4 5 6 7 8 9 10 | 10.1
Evocations     | 1 2 3 4 5 6 7 |  7.1
Armour         | 3 4 5 6 8 9 |  9.7
Dodging        | 3 4 5 6 7 8 |  8.9

Action                   |  1- 3 |  4- 6 |  7- 9 | 10-12 || total
-------------------------+-------+-------+-------+-------++-------
Melee: Hand axe          |    86 |    98 |   221 |       ||   405
       Headbutt          |     8 |    18 |    49 |    38 ||   113
       Punch             |       |     1 |     3 |     1 ||     5
       Broad axe         |       |       |    28 |   194 ||   222
Throw: Stone             |     4 |     5 |       |       ||     9
Invok: Trog's Hand       |       |     1 |       |       ||     1
  Use: Scroll            |     1 |     8 |     1 |     5 ||    15
       Potion            |     1 |       |       |       ||     1
Armor: Animal skin       |    13 |       |       |       ||    13
       Scale mail        |    17 |       |       |       ||    17
       Chain mail        |       |    69 |    70 |       ||   139
       Plate armour      |       |       |    38 |   149 ||   187
Dodge: Dodged            |    54 |    47 |   111 |   100 ||   312
